 Dungeon Crawl Stone Soup version 0.26-a0-1205-g4083c211ab (webtiles) character file.

Game seed: 1352950946608237891

315 tsouns the Gusty (level 6, 0/32 HPs)
             Began as a Tengu Air Elementalist on Dec 29, 2020.
             Slain by a bullfrog (7 damage)
             ... in a sewer.
             The game lasted 00:08:39 (4384 turns).

tsouns the Gusty (Tengu Air Elementalist)           Turns: 4384, Time: 00:08:40

Health: 0/32       AC:  3    Str:  9    XL:     6   Next: 44%
Magic:  6/13       EV: 15    Int: 17    God:
Gold:   215        SH:  0    Dex: 14    Spells: 3/13 levels left

rFire    . . .     SeeInvis .   n - +2 quarterstaff (spect)
rCold    . . .     Faith    .   (shield currently unavailable)
rNeg     . . .     Spirit   .   a - +0 robe
rPois    .         Reflect  .   (helmet restricted)
rElec    .         Harm     .   (no cloak)
rCorr    .         Rampage  .   q - +0 pair of gloves (curse)
Will     .....                  (boots unavailable)
Stlth    ++........             (no amulet)
HPRegen  0.10/turn              (no ring)
MPRegen  0.13/turn              (no ring)

@: flying quickly and evasively, quick
A: beak, talons 3, able to fly
a: Stop Flying


You were in a sewer.
You visited 1 branch of the dungeon, and saw 4 of its levels.
You also visited: Sewer.

You collected 215 gold pieces.

Inventory:

Hand Weapons
 g - a +0 short sword
 i - a +1 dagger of holy wrath
 n - a +2 spectral quarterstaff (weapon)
Missiles
 b - 59 poisoned darts
Armour
 a - a +0 robe (worn)
 q - a cursed +0 pair of gloves (worn)
Scrolls
 c - a scroll of noise {unknown}
 d - 2 scrolls of fog {unknown}
 e - 3 scrolls of remove curse {unknown}
 f - a scroll of magic mapping {unknown}
 j - a scroll of identify {unknown}
 k - a scroll of random uselessness {unknown}
 o - a scroll of enchant armour {unknown}
 p - a scroll of teleportation {unknown}
Potions
 h - 3 potions of curing
 l - a potion of haste {unknown}
 m - 2 potions of lignification {unknown}


   Skills:
 - Level 2.1 Dodging
 - Level 2.0 Stealth
 + Level 4.1 Spellcasting
 - Level 3.8 Conjurations
 + Level 6.6 Air Magic


You had 3 spell levels left.
You knew the following spells:

 Your Spells              Type           Power        Failure   Level
a - Shock                 Conj/Air       84%          1%          1
b - Swiftness             Air            26%          1%          2
c - Static Discharge      Conj/Air       21%          5%          3
d - Airstrike             Air            13%          11%         4

Your spell library contained the following spells:

 Spells                   Type           Power        Failure   Level
 Lightning Bolt           Conj/Air       10%          45%         5


Dungeon Overview and Level Annotations

Branches:
Dungeon (4/15)              Sewer (1/1)
 Temple: D:4-7

Altars:
Xom


Innate Abilities, Weirdness & Mutations

You have a beak for a mouth.
You have claws for feet.
You can fly continuously.


Message History

The bullfrog is severely wounded.
The bullfrog completely misses you. The bullfrog barely misses you.
The bullfrog hits you. The bullfrog hits you!
Unknown command.
Casting: Shock (safe; 1% risk of failure)
Confirm with . or Enter, or press ? or * to list all spells.
Aiming: Shock (safe; 1% risk of failure)
Press: ? - help, Shift-Dir - straight line The zap hits the bullfrog.
The bullfrog is severely wounded.
The zap hits the bullfrog!
You kill the bullfrog!
The bullfrog hits you!
* * * LOW HITPOINT WARNING * * *
Your Spellcasting skill increases to level 4!
It was a potion of curing.
You feel better. The bullfrog closely misses you. The bullfrog hits you!
* * * LOW HITPOINT WARNING * * *
The bullfrog hits you!
You die...

############# #≈≈.≈≈≈≈≈≈≈.#####
#≈≈≈≈≈≈≈≈≈≈≈†.∩.###
#.≈≈#########≈.†.≈##
####≈≈≈≈.≈≈≈≈≈≈####≈.∩#
##≈≈#.≈≈≈≈#####≈≈.≈#####
####≈≈≈#######≈∩≈#≈≈≈≈≈≈≈##
##≈≈≈.≈≈≈#..≈≈≈≈≈.####≈≈≈≈≈##
##≈≈.≈#..##≈..F@≈≈.≈.≈###≈..≈##
#≈≈.≈##≈≈#≈≈#######≈†≈≈.##≈÷≈≈#
##≈≈≈##≈.##≈≈#≈.≈≈≈###≈.≈.##†≈≈##
#≈≈≈.#†≈≈#≈...≈≈≈.≈≈≈##≈≈..#.≈≈≈#
#≈≈.##≈≈.#≈≈≈.≈≈≈≈≈≈≈≈##≈≈≈##≈≈≈#
.≈.≈#.≈≈†#..≈≈?≈≈.≈≈.≈ #≈.≈≈#≈≈.#
∩.≈.#.≈≈≈#.≈.$?!.≈≈≈≈≈ #≈≈.≈#†≈≈#
..†≈#≈≈≈≈#≈.≈...$.≈≈≈≈ #≈≈≈≈#≈≈≈#
#≈≈.##≈≈.##≈≈...≈.≈≈≈≈##≈≈≈##≈≈≈#


You could see a bullfrog.

Vanquished Creatures
  A bullfrog (Sewer)
  3 adders (Sewer)
  4 gnolls (D:2)
  13 oozes
  A dart slug (D:1)
  12 leopard geckos
  An orc (D:3)
  8 ball pythons
  16 giant cockroaches
  7 goblins
  7 hobgoblins
  2 jackals (D:1)
  2 quokkas (D:2)
  6 bats
  10 frilled lizards
  8 kobolds
  19 rats
120 creatures vanquished.

Notes
Turn   | Place    | Note
-------+----------+-------------------------------------------
     0 | D:1      | tsouns the Tengu Air Elementalist began the quest for the
                  | Orb.
     0 | D:1      | Reached XP level 1. HP: 10/10 MP: 4/4
   259 | D:1      | Reached XP level 2. HP: 10/15 MP: 0/6
   944 | D:1      | Reached XP level 3. HP: 13/19 MP: 0/7
  1050 | D:1      | Learned a level 2 spell: Swiftness
  1456 | D:2      | Learned a level 3 spell: Static Discharge
  1716 | D:2      | Reached XP level 4. HP: 24/24 MP: 2/9
  1720 | D:2      | Reached skill level 5 in Air Magic
  2982 | D:3      | Found an iron altar of Okawaru.
  2984 | D:3      | Found a shimmering altar of Xom.
  2984 | D:3      | Found a shimmering blue altar of Sif Muna.
  2996 | D:3      | Found a radiant altar of Vehumet.
  2996 | D:3      | Found a shadowy altar of Dithmenos.
  2996 | D:3      | Found an ornate altar of the Wu Jian Council.
  3316 | D:4      | Gained mutation: You can fly continuously. [Tengu growth]
  3316 | D:4      | Reached XP level 5. HP: 26/28 MP: 4/10
  3321 | D:4      | Found a glowing drain.
  3391 | Sewer    | Entered a sewer
  3454 | Sewer    | Learned a level 4 spell: Airstrike
  4097 | Sewer    | Reached skill level 6 in Air Magic
  4166 | Sewer    | Reached XP level 6. HP: 23/32 MP: 8/12
  4384 | Sewer    | Slain by a bullfrog

Illustrated notes

Levels and vault maps discovered:
D:1:      sevenhm_arrival_forest_fort_large_4, layout_basic
D:2:      layout_loops_ring, minmay_hexomino_p4
D:3:      layout_loops_ring, doesnt_xom_only_xom, nicolae_overflow_hidden_temple
D:4:      layout_basic, lemuel_round_altar, gammafunk_temple_overflow_elements,
          minmay_temple_entry_statues_fountains, gup_sewer_entry_pipe,
          minmay_manual_mandibuliform, uniq_ijyb
Sewer:    sewer_frog_island_02

Skill      XL: |  1  2  3  4  5  6 |
---------------+-------------------+-----
Conjurations   | 2 3 |  3.8
Air Magic      | 5 6 |  6.6
Spellcasting   | 3 4 |  4.1
Dodging        | |  2.1
Stealth        | |  2.0

Action                   |  1- 3 |  4- 6 || total
-------------------------+-------+-------++-------
Melee: Unarmed           |     2 |       ||     2
       Quarterstaff      |       |    12 ||    12
       Kick              |       |     2 ||     2
       Peck              |       |     2 ||     2
 Cast: Shock             |    84 |   158 ||   242
 Abil: Fly               |       |     1 ||     1
  Use: Potion            |       |     1 ||     1
Armor: Robe              |     7 |     7 ||    14
Dodge: Dodged            |     9 |    42 ||    51

Table legend: (Time is in decaauts)
 A = Elapsed time spent in this place.
 B = Non-inter-level travel time spent in this place.
 C = Inter-level travel time spent in this place.
 D = Time resting spent in this place.
 E = Time spent auto-exploring this place.
 F = Levels seen in this place.
 G = Mean time per level.
                   A        B        C        D        E       F      G
               +--------+--------+--------+--------+--------+-----+--------+
         Total |   4368 |   4238 |    130 |     82 |   3555 |   5 |  873.6 |
       Dungeon |   3392 |   3262 |    130 |     34 |   2797 |   4 |  848.0 |
         Sewer |    976 |    976 |      0 |     48 |    758 |   1 |  976.0 |
               +--------+--------+--------+--------+--------+-----+--------+

Top non-repeatable levels by time:
     D:1: 1450 daAuts
     D:2: 1165 daAuts
   Sewer: 976 daAuts
     D:3: 672 daAuts
     D:4: 104 daAuts
